 Dungeon Crawl Stone Soup version 0.27-a0-1116-g91b3acb402 (webtiles) character file.

Game seed: 2755267414092119293

74 leviel the Covered (level 4, -6/40 HPs)
             Began as a Minotaur Fighter on May 2, 2021.
             Was an Initiate of Okawaru.
             Mangled by Crazy Yiuf
             ... wielding a +3 quarterstaff of chaos
              (13 damage)
             ... on level 2 of the Dungeon.
             The game lasted 00:02:06 (1616 turns).

leviel the Covered (Minotaur Fighter)               Turns: 1616, Time: 00:02:07

Health: -6/40      AC:  7    Str: 22    XL:     4   Next: 10%
Magic:  3/3        EV:  7    Int:  5    God:    Okawaru [......]
Gold:   90         SH:  9    Dex:  9    Spells: 3/3 levels left

rFire    . . .     SeeInvis .   a - +0 war axe
rCold    . . .     Faith    .   c - +0 kite shield
rNeg     . . .     Spirit   .   b - +0 scale mail
rPois    .         Reflect  .   (helmet restricted)
rElec    .         Harm     .   (no cloak)
rCorr    .         Rampage  .   (no gloves)
Will     .....                  (no boots)
Stlth    ..........             (no amulet)
HPRegen  0.13/turn              (no ring)
MPRegen  0.08/turn              (no ring)

@: lethally poisoned (-6 -> -32)
A: horns 2, retaliatory headbutt
a: Renounce Religion


You were on level 2 of the Dungeon.
You worshipped Okawaru.
Okawaru was noncommittal.
You visited 1 branch of the dungeon, and saw 2 of its levels.

You collected 90 gold pieces.

Inventory:

Hand Weapons
 a - a +0 war axe (weapon)
Armour
 b - a +0 scale mail (worn)
 c - a +0 kite shield (worn)
Wands
 e - a wand of paralysis (8)
Scrolls
 h - a scroll of teleportation {unknown}
Potions
 d - a potion of might
 f - 2 potions of curing
 g - a potion of degeneration {unknown}
 i - a potion of attraction {unknown}
 j - a potion of magic {unknown}


   Skills:
 + Level 4.1 Fighting
 * Level 3.9 Axes
 + Level 4.2 Armour
 + Level 0.1 Dodging
 + Level 4.2 Shields


You had 3 spell levels left.
You didn't know any spells.
Your spell library contained the following spells:

 Spells                   Type           Power      Damage    Failure   Level
 Beastly Appendage        Tmut           0%         N/A       99%         1
 Wereblood                Tmut           0%         N/A       100%        2
 Spider Form              Tmut/Pois      0%         N/A       100%        3
 Ice Form                 Ice/Tmut       0%         N/A       100%        4
 Hydra Form               Tmut           0%         N/A       100%        5


Dungeon Overview and Level Annotations

Branches:
Dungeon (2/15)

Altars:
Okawaru

Annotations:
D:2 Crazy Yiuf


Innate Abilities, Weirdness & Mutations

You have a pair of horns on your head.
You reflexively headbutt those who attack you in melee.


Message History

Okawaru accepts your kill.
No target in view!
No target in view!
No target in view!
No target in view!
No target in view!
No target in view!
No target in view!
No target in view!
j - a brown potion
There is an open door here.
There is an open door here.
You open the door.
There is an open door here.
There is an open door here.
There is a stone staircase leading down here.
Crazy Yiuf shouts!
Could not explore, unopened runed door.
No reachable target in view!
You open the door. You closely miss Crazy Yiuf.
Crazy Yiuf hits you with a +3 quarterstaff of chaos.
You are poisoned.
You barely miss Crazy Yiuf.
You feel very sick. You block Crazy Yiuf's attack. x2
You slash Crazy Yiuf! Your headbutt misses Crazy Yiuf.
Crazy Yiuf is heavily wounded.
You feel very sick.
Crazy Yiuf hits you with a +3 quarterstaff of chaos!
You are lethally poisoned!
You hit Crazy Yiuf.
Crazy Yiuf is heavily wounded.
* * * LOW HITPOINT WARNING * * *
You feel very sick.
Crazy Yiuf hits you with a +3 quarterstaff of chaos.
* * * LOW HITPOINT WARNING * * *
You are more poisoned.
Crazy Yiuf hits you with a +3 quarterstaff of chaos!
You die...

..........>†...#.###
........###.##.#..#
..####### #....#..#
..# #..# ######### ..#
#.## ..# #.########
..# #.#.#..#.###**###
..####.......#..##...#
............####@g...#
..#......#.## ###..)#
..+.....#### **###
..#.....# ..#######
..# ########### ..#
#.........# ..#
#.........# ..#
#.........#


You could see Crazy Yiuf.

Vanquished Creatures
  3 adders (D:2)
  A worm (D:2)
  3 ball pythons (D:2)
  3 endoplasms (D:1)
  2 giant cockroaches (D:1)
  4 goblins
  3 hobgoblins (D:1)
  4 jackals (D:2)
  3 kobolds (D:2)
  3 quokkas
  5 bats
  3 frilled lizards
  6 rats
43 creatures vanquished.

Notes
Turn   | Place    | Note
-------+----------+-------------------------------------------
     0 | D:1      | leviel the Minotaur Fighter began the quest for the Orb.
     0 | D:1      | Reached XP level 1. HP: 19/19 MP: 0/0
   262 | D:1      | Reached XP level 2. HP: 27/27 MP: 1/1
   800 | D:2      | Found an iron altar of Okawaru.
   813 | D:2      | Became a worshipper of Warmaster Okawaru
   968 | D:2      | Reached XP level 3. HP: 31/33 MP: 2/2
  1198 | D:2      | Found a runed translucent door.
  1199 | D:2      | Noticed Crazy Yiuf
  1332 | D:2      | Reached XP level 4. HP: 40/40 MP: 3/3
  1616 | D:2      | Mangled by Crazy Yiuf

Illustrated notes

Levels and vault maps discovered:
D:1:      erik_arrival_orb_chamber, layout_basic
D:2:      layout_basic, basic_altar, serial_curves, eino_curves_04,
          eino_curves_01, uniq_crazy_yiuf_cottage

Skill      XL: |  1  2 |
---------------+-------+-----
Shields        | 4 |  4.2
Armour         | 4 |  4.2
Axes           | 3 |  3.9
Fighting       | 4 |  4.1
Dodging        | |  0.1

Action                   |  1- 3 |  4- 6 || total
-------------------------+-------+-------++-------
Melee: War axe           |    75 |    10 ||    85
       Headbutt          |     7 |     2 ||     9
  Use: Scroll            |     2 |       ||     2
Armor: Scale mail        |    45 |       ||    45
Dodge: Dodged            |    25 |     1 ||    26
Block: Kite shield       |    46 |     5 ||    51

Table legend: (Time is in decaauts)
 A = Elapsed time spent in this place.
 B = Non-inter-level travel time spent in this place.
 C = Inter-level travel time spent in this place.
 D = Time resting spent in this place.
 E = Time spent auto-exploring this place.
 F = Levels seen in this place.
 G = Mean time per level.
                   A        B        C        D        E       F      G
               +--------+--------+--------+--------+--------+-----+--------+
         Total |   1663 |   1652 |     11 |      0 |   1411 |   2 |  831.5 |
       Dungeon |   1663 |   1652 |     11 |      0 |   1411 |   2 |  831.5 |
               +--------+--------+--------+--------+--------+-----+--------+

Top non-repeatable levels by time:
     D:2: 881 daAuts
     D:1: 782 daAuts
